 Dungeon Crawl Stone Soup version 0.29-a0-284-gf9362112df (webtiles) character file.

Game seed: 6649417355882929884

105 soylentgreeen202 the Chopper (level 4, -2/40 HPs)
             Began as a Minotaur Chaos Knight on Mar 25, 2022.
             Was a Plaything of Xom.
             Slain by Natasha (7 damage)
             ... on level 2 of the Dungeon.
             The game lasted 00:08:01 (1488 turns).

soylentgreeen202 the Chopper (MiCK)                 Turns: 1488, Time: 00:08:03

Health: -2/40      AC:  5    Str: 17 (19) XL:     4   Next: 53%
Magic:  3/3        EV: 10    Int:  6 (9)  God:    Xom [.....*]
Gold:   70         SH:  3    Dex:  6 (9)  Spells: 3/3 levels left

rFire   . . .      SeeInvis .   a - +0 hand axe (chaos)
rCold   . . .      Faith    .   n - +0 buckler
rNeg    . . .      Spirit   .   b - +2 leather armour
rPois   .          Reflect  .   (helmet restricted)
rElec   .          Harm     .   (no cloak)
rCorr   .          Rampage  .   (no gloves)
Will    .....                   (no boots)
Stlth   +.........              (no amulet)
HPRegen 0.13/turn               (no ring)
MPRegen 0.08/turn               (no ring)

@: about to teleport, attractive, slowed, very slow
A: horns 2, retaliatory headbutt, hooves 1
a: Renounce Religion


You were on level 2 of the Dungeon.
You worshipped Xom.
You were Xom's teddy bear.
You visited 1 branch of the dungeon, and saw 2 of its levels.

You collected 70 gold pieces.

Inventory:

Hand Weapons
 a - a +0 hand axe of chaos (weapon)
Missiles
 l - a throwing net
Armour
 b - a +2 leather armour (worn)
 d - a +0 plate armour
 e - a +0 ring mail
 n - a +0 buckler (worn)
Scrolls
 h - a scroll of teleportation
 m - a scroll of enchant armour {unknown}
Potions
 g - a potion of degeneration
 j - a potion of attraction
Miscellaneous
 c - a piece from Xom's chessboard (15/15) (quivered)


   Skills:
 - Level 4.0 Fighting
 * Level 6.1 Axes
 - Level 2.4 Armour
 - Level 1.1 Dodging
 + Level 1.0 Shields


You had 3 spell levels left.
You didn't know any spells.
Your spell library contained the following spells:

 Spells                   Type           Power      Damage    Failure   Level
 Summon Small Mammal      Summ           0%         N/A       63%         1
 Call Canine Familiar     Summ           0%         N/A       94%         3
 Summon Guardian Golem    Hex/Summ       0%         N/A       94%         3


Dungeon Overview and Level Annotations

Branches:
Dungeon (2/15)

Altars:

Annotations:
D:2 Natasha


Innate Abilities, Weirdness & Mutations

You have a pair of horns on your head.
You reflexively headbutt those who attack you in melee.
You have large cloven feet.


Message History

The gnoll misses you.
You closely miss the gnoll. Your headbutt misses the gnoll.
The gnoll is almost dead.
Natasha howls an incantation.
You feel disoriented.
Natasha mumbles some strange words.
The gnoll hits you but does no damage.
You hit the gnoll but do no damage. You kick the gnoll, but do no damage.
The gnoll is almost dead.
The gnoll hits you with a +0 spear.
You barely miss the gnoll.
The gnoll is almost dead.
The gnoll hits you with a +0 spear.
You closely miss the gnoll. You kick the gnoll, but do no damage.
The gnoll is almost dead.
The gnoll hits you with a +0 spear.
You closely miss the gnoll. Your kick misses the gnoll.
The gnoll is almost dead.
The gnoll hits you but does no damage.
You hit the gnoll. You burn the gnoll.
You kill the gnoll!
Natasha stares at you and mumbles some strange words.
You feel yourself slow down.
Your Shields skill increases to level 1!
You closely miss Natasha. Your kick misses Natasha.
The gnoll hits you from afar with a +0 spear!
* * * LOW HITPOINT WARNING * * *
Natasha claws you.
* * * LOW HITPOINT WARNING * * *
As you read the scroll labelled YDGHIL SYITTYSS, it crumbles to dust.
You feel strangely unstable.
It was a scroll of teleportation.
The gnoll barely misses you. Natasha barely misses you.
The gnoll completely misses you. Natasha barely misses you.
As you read the scroll labelled UPUKHLU OD ZIH, it crumbles to dust.
Your body is wracked with pain!
* * * LOW HITPOINT WARNING * * *
Natasha convulses!
The gnoll convulses!
It was a scroll of torment.
The gnoll hits you but does no damage. Natasha claws you!
You die...
Xom cackles wildly!

#.....#####
#.#....##.#
#....#.)..#
#.......#.###
######..#...#
.......^..#.#
######..#...#
####.##########
#.......@hK#
##########g#
#)# .h5 #.##<
.. .. ... .#
.#. .. #.#. ..


You could see Natasha, a gnoll and a kobold.

Vanquished Creatures
  Natasha (D:2)
  Robin (D:2)
  3 gnolls (D:2)
  A dart slug (D:1)
  A ball python (D:2)
  2 endoplasms (D:1)
  3 giant cockroaches (D:1)
  5 goblins (D:2)
  5 hobgoblins
  3 jackals (D:1)
  4 quokkas
  5 bats (D:1)
  4 rats
38 creatures vanquished.

Vanquished Creatures (others)
  A kobold (D:1)
1 creature vanquished.

Grand Total: 39 creatures vanquished

Notes
Turn   | Place    | Note
-------+----------+-------------------------------------------
     0 | D:1      | soylentgreeen202 the Minotaur Chaos Knight began the quest
                  | for the Orb.
     0 | D:1      | Reached XP level 1. HP: 19/19 MP: 0/0
   269 | D:1      | XOM: silly message
   385 | D:1      | Reached skill level 4 in Axes
   404 | D:1      | Reached XP level 2. HP: 27/27 MP: 1/1
   763 | D:1      | Found a faded altar of an unknown god.
   982 | D:2      | Noticed Natasha
   990 | D:2      | Killed Natasha
   991 | D:2      | Reached skill level 5 in Axes
   991 | D:2      | Reached XP level 3. HP: 27/33 MP: 2/2
  1176 | D:2      | XOM: smoke on damage
  1176 | D:2      | Noticed Robin
  1188 | D:2      | Killed Robin
  1189 | D:2      | Reached XP level 4. HP: 29/40 MP: 3/3
  1202 | D:2      | XOM: scenery: summon butterflies
  1454 | D:2      | Noticed Natasha
  1459 | D:2      | Reached skill level 6 in Axes
  1460 | D:2      | Gained mutation: You have large cloven feet. [potion of
                  | mutation]
  1486 | D:2      | Reached skill level 1 in Shields
  1488 | D:2      | Slain by Natasha

Illustrated notes

Levels and vault maps discovered:
D:1:      minmay_arrival_jagged, layout_basic,
          shapermc_ecumenical_altar_mp_highgroup, lemuel_old_faithful
D:2:      layout_basic, uniq_natasha, uniq_robin

Skill      XL: |  1  2  3  4 |
---------------+-------------+-----
Fighting       | 4 |  4.0
Axes           | 4 5 6 |  6.1
Shields        | 1 |  1.0
Armour         | |  2.4
Dodging        | |  1.1

Action                   |  1- 3 |  4- 6 || total
-------------------------+-------+-------++-------
Melee: Hand axe          |    64 |    39 ||   103
       Headbutt          |     7 |     8 ||    15
       Kick              |       |     6 ||     6
  Use: Potion            |       |     4 ||     4
       Scroll            |       |     2 ||     2
Armor: Ring mail         |    18 |       ||    18
       Leather armour    |     4 |    10 ||    14
Dodge: Dodged            |    45 |    25 ||    70
Block: Buckler           |       |     3 ||     3

Table legend: (Time is in decaauts)
 A = Elapsed time spent in this place.
 B = Non-inter-level travel time spent in this place.
 C = Inter-level travel time spent in this place.
 D = Time resting spent in this place.
 E = Time spent auto-exploring this place.
 F = Levels seen in this place.
 G = Mean time per level.
                   A        B        C        D        E       F      G
               +--------+--------+--------+--------+--------+-----+--------+
         Total |   1497 |   1435 |     62 |    353 |    646 |   2 |  748.5 |
       Dungeon |   1497 |   1435 |     62 |    353 |    646 |   2 |  748.5 |
               +--------+--------+--------+--------+--------+-----+--------+

Top non-repeatable levels by time:
     D:1: 1035 daAuts
     D:2: 461 daAuts
